JEFF, lawful male human Knight ------- |.....| |.----| |.....| |.---%| | |<|.|)|}------ |.|.|.|}}}}}}| |..%|.|.....}| ---.|.|.....}| |.|.|.|.....}+ |.|.|.|....@;| |...|.......}| |.-----}}}}}}| |.|[..|}------ |.---.| | |...|.| |--.|.| |.....| ------- JEFF the Bachelor Experience level: 8 Strength: 14 Dexterity: 10 Constitution: 11 Intelligence: 9 Wisdom: 14 Charisma: 18 Health: 0(68) Energy: 42(42) Def: 8 Gold: 2868 Moves: 9428 Dungeon seed: KQbPiCCDZqZt6i_R Game ID: JEFF_1576251387 Your Inventory: Coins $ - 2868 gold pieces Weapons a - a blessed corroded +1 long sword (weapon in hand) g - 15 rusty +0 crossbow bolts (in quiver) h - 4 +0 shuriken J - a rusty -3 dagger Armor n - an uncursed rusty +0 helmet (being worn) r - an uncursed +0 pair of leather gloves (being worn) I - an uncursed rusty +0 pair of iron shoes (being worn) Y - an uncursed +0 bronze plate mail (being worn) Comestibles c - 11 uncursed apples d - 12 uncursed carrots i - an uncursed tripe ration D - an uncursed clove of garlic R - an uncursed tin of rock piercer meat Scrolls k - an uncursed scroll of confuse monster Z - an uncursed scroll of blank paper Rings l - an uncursed ring of see invisible X - an uncursed ring of shock resistance Wands b - a rusty wand of polymorph (0:5) f - a wand of wishing (0:3) j - a rusty wand of magic missile (0:0) A - a wand of striking (0:0) F - a wand of fire (0:4) Gems e - 2 uncursed worthless pieces of red glass q - 2 uncursed garnet stones z - 3 uncursed worthless pieces of orange glass N - 2 uncursed worthless pieces of yellowish brown glass Spells and supernatural/magical abilities: Name Level Category Fail Memory W - pray for help -- divine ? -- X - turn undead -- divine ? -- Y - supernatural jump -- ability ? -- Your skills at the end: Fighting Skills riding [Basic] Weapon Skills long sword [Basic] lance [Basic] Spellcasting Skills Final Attributes: You were piously aligned. You could jump. You were a wererat. You could not change from your current form. You were fast. You were unlucky. You are dead (112th time!). Vanquished creatures: a titanothere a vampire lord a fire giant a flesh golem a stalker an air elemental a hill giant a giant mummy a xorn 2 elf-lords a sergeant a winter wolf 2 small mimics a glass piercer 2 trolls a pyrolisk a shocking sphere a leocrotta an elf mummy a wraith 3 Grey-elves a soldier a succubus a chameleon a crocodile a giant beetle 3 quivering blobs a cockatrice 3 wolves 3 winter wolf cubs a giant spider a horse 2 black lights an orc mummy 3 brown puddings an owlbear a yeti a gold golem 2 werewolves 3 Green-elves 4 lizards 2 chickatrices a housecat 2 jaguars a dwarf lord 2 dust vortices a raven 3 snakes 3 apes a human zombie 3 Woodland-elves a quasit an orc shaman 4 rock piercers a pony 2 violet fungi a gnomish wizard a gray ooze 2 little dogs a homunculus a kobold shaman 7 hill orcs 2 rothes 2 rabid rats 3 centipedes a monkey 3 dwarf zombies a wererat an iguana 3 manes a large kobold 12 giant rats 4 cave spiders 2 yellow molds a green mold a gnome a garter snake 4 geckos 13 jackals a fox 3 goblins 9 sewer rats 12 grid bugs 2 bats 6 lichens 13 newts 203 creatures vanquished. Voluntary challenges: You followed a strict vegan diet. You did not eat until turn 6022. You had been an atheist until turn 3196. You used a wielded weapon 552 times, starting on turn 141. You read items or engraved 11 times, starting on turn 2057. You never genocided any monsters. You never polymorphed an object. You never changed form. You used no wishes. You split 2 puddings, starting on turn 4746. You wrote Elbereth's name 1 time, starting on turn 7223. You violated your moral code, losing 20 points of alignment, starting on turn 3570. Dungeon overview: The Dungeons of Doom: levels 1 to 26 Level 1 some fountains a long staircase Level 2 a fountain Level 3 Level 4 a potion shop stairs to The Gnomish Mines Level 5 Level 6 a throne Level 7 Level 8 an altar to Lugh Level 9 Level 10 a fountain Level 11 Level 12 an armor shop, a fountain Level 13 Level 14 a temple to Lugh Level 15 a sink Level 16 Level 17 some altars to Lugh and Manannan Mac Lir Level 18 Level 19 a fountain Level 20 Level 21 a fountain Level 22 Level 23 Level 24 Level 25 Level 26 <- You were here The Gnomish Mines: Level 5 stairs to The Dungeons of Doom History has recorded: On T:1 you entered the Dungeons of Doom to retrieve the Amulet of Yendor! On T:471 you reached level 2 of The Dungeons of Doom. On T:1135 you reached level 3 of The Dungeons of Doom. On T:1781 you reached level 4 of The Dungeons of Doom. On T:2109 you reached level 1 of The Gnomish Mines. On T:2239 you advanced to experience level 2. On T:2305 you reached level 5 of The Dungeons of Doom. On T:2741 you reached level 6 of The Dungeons of Doom. On T:2851 you advanced to experience level 3. On T:2889 you were saved from death by your wizard powers! On T:2895 you were saved from death by your wizard powers! On T:2900 you were saved from death by your wizard powers! On T:2904 you were saved from death by your wizard powers! On T:2910 you advanced to experience level 4. On T:2912 you were saved from death by your wizard powers! On T:2917 you were saved from death by your wizard powers! On T:2930 you were saved from death by your wizard powers! On T:3201 you reached level 7 of The Dungeons of Doom. On T:3236 you were saved from death by your wizard powers! On T:3244 you were saved from death by your wizard powers! On T:3321 you reached level 8 of The Dungeons of Doom. On T:3399 you were saved from death by your wizard powers! On T:3406 you were saved from death by your wizard powers! On T:3488 you were saved from death by your wizard powers! On T:3493 you were saved from death by your wizard powers! On T:3497 you were saved from death by your wizard powers! On T:3498 you advanced to experience level 5. On T:3505 you were saved from death by your wizard powers! On T:3566 you advanced to experience level 6. On T:3666 you were saved from death by your wizard powers! On T:3674 you were saved from death by your wizard powers! On T:3684 you were saved from death by your wizard powers! On T:3692 you were saved from death by your wizard powers! On T:3760 you reached level 9 of The Dungeons of Doom. On T:3971 you were saved from death by your wizard powers! On T:3983 you were saved from death by your wizard powers! On T:4001 you were saved from death by your wizard powers! On T:4282 you were saved from death by your wizard powers! On T:4341 you were saved from death by your wizard powers! On T:4345 you were saved from death by your wizard powers! On T:4368 you reached level 10 of The Dungeons of Doom. On T:4410 you were saved from death by your wizard powers! On T:4412 you were saved from death by your wizard powers! On T:4416 you were saved from death by your wizard powers! On T:4419 you were saved from death by your wizard powers! On T:4421 you were saved from death by your wizard powers! On T:4423 you were saved from death by your wizard powers! On T:4426 you were saved from death by your wizard powers! On T:4428 you were saved from death by your wizard powers! On T:4430 you were saved from death by your wizard powers! On T:4433 you were saved from death by your wizard powers! On T:4442 you were saved from death by your wizard powers! On T:4501 you were saved from death by your wizard powers! On T:4529 you were saved from death by your wizard powers! On T:4533 you were saved from death by your wizard powers! On T:4537 you were saved from death by your wizard powers! On T:4538 you advanced to experience level 7. On T:4564 you were saved from death by your wizard powers! On T:4581 you were saved from death by your wizard powers! On T:4591 you were saved from death by your wizard powers! On T:4806 you were saved from death by your wizard powers! On T:4812 you were saved from death by your wizard powers! On T:5182 you were saved from death by your wizard powers! On T:5207 you were saved from death by your wizard powers! On T:5213 you advanced to experience level 8. On T:5220 you reached level 12 of The Dungeons of Doom. On T:5337 you were saved from death by your wizard powers! On T:5343 you were saved from death by your wizard powers! On T:5345 you were saved from death by your wizard powers! On T:5346 you were saved from death by your wizard powers! On T:5351 you were saved from death by your wizard powers! On T:5353 you were saved from death by your wizard powers! On T:5354 you were saved from death by your wizard powers! On T:5357 you were saved from death by your wizard powers! On T:5384 you were saved from death by your wizard powers! On T:5402 you were saved from death by your wizard powers! On T:5418 you were saved from death by your wizard powers! On T:5422 you were saved from death by your wizard powers! On T:5426 you were saved from death by your wizard powers! On T:5569 you were saved from death by your wizard powers! On T:5572 you were saved from death by your wizard powers! On T:5578 you were saved from death by your wizard powers! On T:5581 you were saved from death by your wizard powers! On T:5587 you were saved from death by your wizard powers! On T:5603 you were saved from death by your wizard powers! On T:5713 you were saved from death by your wizard powers! On T:5832 you reached level 13 of The Dungeons of Doom. On T:6152 you reached level 14 of The Dungeons of Doom. On T:6374 you were saved from death by your wizard powers! On T:6388 you were saved from death by your wizard powers! On T:6393 you were saved from death by your wizard powers! On T:6575 you were saved from death by your wizard powers! On T:6585 you advanced to experience level 9. On T:6658 you reached level 15 of The Dungeons of Doom. On T:6783 you were saved from death by your wizard powers! On T:7127 you were saved from death by your wizard powers! On T:7145 you were saved from death by your wizard powers! On T:7165 you reached level 16 of The Dungeons of Doom. On T:7477 you reached level 17 of The Dungeons of Doom. On T:7718 you reached level 18 of The Dungeons of Doom. On T:7825 you reached level 19 of The Dungeons of Doom. On T:7891 you reached level 20 of The Dungeons of Doom. On T:7948 you were saved from death by your wizard powers! On T:7999 you reached level 21 of The Dungeons of Doom. On T:8036 you were saved from death by your wizard powers! On T:8076 you were saved from death by your wizard powers! On T:8088 you were saved from death by your wizard powers! On T:8121 you were saved from death by your wizard powers! On T:8128 you were saved from death by your wizard powers! On T:8137 you were saved from death by your wizard powers! On T:8215 you were saved from death by your wizard powers! On T:8219 you were saved from death by your wizard powers! On T:8221 you were saved from death by your wizard powers! On T:8224 you were saved from death by your wizard powers! On T:8226 you were saved from death by your wizard powers! On T:8229 you were saved from death by your wizard powers! On T:8231 you were saved from death by your wizard powers! On T:8239 you were saved from death by your wizard powers! On T:8245 you were saved from death by your wizard powers! On T:8260 you were saved from death by your wizard powers! On T:8404 you were saved from death by your wizard powers! On T:8491 you were saved from death by your wizard powers! On T:8535 you were saved from death by your wizard powers! On T:8627 you were saved from death by your wizard powers! On T:8745 you reached level 22 of The Dungeons of Doom. On T:8802 you reached level 23 of The Dungeons of Doom. On T:8974 you were saved from death by your wizard powers! On T:9047 you reached level 24 of The Dungeons of Doom. On T:9050 you reached level 25 of The Dungeons of Doom. On T:9060 you were saved from death by your wizard powers! On T:9079 you were saved from death by your wizard powers! On T:9091 you were saved from death by your wizard powers! On T:9149 you reached The Castle. On T:9239 you were saved from death by your wizard powers! On T:9271 you were saved from death by your wizard powers! On T:9329 you were saved from death by your wizard powers! On T:9333 you were saved from death by your wizard powers! On T:9339 you were saved from death by your wizard powers! On T:9343 you were saved from death by your wizard powers! On T:9349 you were saved from death by your wizard powers! On T:9355 you were saved from death by your wizard powers! On T:9360 you were saved from death by your wizard powers! On T:9365 you were saved from death by your wizard powers! On T:9371 you were saved from death by your wizard powers! On T:9375 you were saved from death by your wizard powers! Score breakdown: Gold: 2868 (11762 points) Experience: 8 levels (14739 points) Exploration: 26 levels ( 54.17%) (21879 points) Discoveries: 16 items ( 6.53%) ( 7666 points) Valuables value: (no points given unless you survive) Artifact value: 0 ( 0 points) Variety of kills: 86 monsters ( 22.57%) (14253 points) Turncount: 9428 turns (-2291 points) Survival: died (score multiplied by 80%) Total score: 54406 Latest messages: You never learned to swim! (Use the 'moveonly' command to move there anyway.) You never learned to swim! (Use the 'moveonly' command to move there anyway.) You never learned to swim! (Use the 'moveonly' command to move there anyway.) You never learned to swim! (Use the 'moveonly' command to move there anyway.) You never learned to swim! (Use the 'moveonly' command to move there anyway.) You never learned to swim! (Use the 'moveonly' command to move there anyway.) You never learned to swim! (Use the 'moveonly' command to move there anyway.) You never learned to swim! (Use the 'moveonly' command to move there anyway.) You never learned to swim! (Use the 'moveonly' command to move there anyway.) You never learned to swim! (Use the 'moveonly' command to move there anyway.) A shark was hidden under the water! The shark bites! (2x) You hit the shark! The shark bites! You die... Final status: Fare thee well JEFF the Knight, killed by a shark... You died in The Dungeons of Doom on dungeon level 26 with 54406 points, and 2868 pieces of gold, after 9428 moves. You were level 8 with a maximum of 68 hit points when you died.